 Dungeon Crawl Stone Soup version bcrawl-1.14 (webtiles) character file.

Game seed: 10593149956548090713

79 MisterOstroum the Skirmisher (level 4, 0/57 HPs)
             Began as a Demonspawn Monk on Sept 7, 2019.
             Was a Believer of Cheibriados.
             Succumbed to a worker ant's poison
             ... on level 3 of the Dungeon.
             The game lasted 00:03:38 (2416 turns).

MisterOstroum the Skirmisher (Demonspawn Monk)      Turns: 2416, Time: 00:03:39

Health: 0/57       AC: 22    Str: 16    XL:     4   Next: 16%
Magic:  3/6        EV:  2    Int: 15    God:    Cheibriados [**....]
Gold:   237        SH: 10    Dex: 20    Spells: 3/3 levels left

rFire    . . .     SeeInvis .   a - +0 spear
rCold    + . .     Gourm    .   o - +2 shield
rNeg     + + +     Faith    .   (armour currently unavailable)
rPois    +         Spirit   +   (helmet currently unavailable)
rElec    .         Reflect  .   (cloak currently unavailable)
rCorr    .         Harm     .   (gloves currently unavailable)
MR       .....     NoTele   +   (boots currently unavailable)
Stlth    ++........             d - amulet of guardian spirit
HPRegen  0.19/turn              h - ring of protection from cold
MPRegen  0.10/turn              (no ring)

@: lethally poisoned (0 -> -10), tree-form, hasted
A: rot immunity
a: Bend Time, Renounce Religion


You were on level 3 of the Dungeon.
You worshipped Cheibriados.
Cheibriados was pleased with you.
You were hungry.
You were a tree.
You visited 1 branch of the dungeon, and saw 3 of its levels.

You collected 237 gold pieces.

Inventory:

Hand Weapons
 a - a +0 spear (weapon)
Missiles
 i - 498 stones (quivered)
Armour
 b - a +0 robe (melded)
 c - a +0 hat (melded)
 n - a +0 buckler
 o - a +2 shield (worn)
 t - a +0 pair of boots (melded)
Jewellery
 d - an amulet of guardian spirit (around neck)
 h - a ring of protection from cold (left branch)
 p - a +5 ring of evasion
Wands
 m - a wand of iceblast (4)
Scrolls
 j - a scroll of fear {unknown}
 l - a scroll of enchant armour {unknown}
 q - a scroll of immolation {unknown}
 r - a scroll of identify {unknown}
 s - a scroll of noise {unknown}
Comestibles
 e - 4 rations {!d}


   Skills:
 * Level 4.8 Fighting
 - Level 2.9 Polearms
 - Level 2.6 Dodging
 - Level 2.0 Stealth
 + Level 0.5 Shields
 - Level 2.6 Invocations


You had 3 spell levels left.
You didn't know any spells.
Your spell library was empty.

Dungeon Overview and Level Annotations

Branches:
Dungeon (3/12)

Altars:
Ashenzari
Cheibriados


Innate Abilities, Weirdness & Mutations

((You have a pair of antennae on your head.))
You are immune to rotting.


Message History

You feel sick. You block the worker ant's attack.
You hit the worker ant but do no damage.
The worker ant is heavily wounded.
You feel sick. The worker ant barely misses you.
You hit the worker ant.
The worker ant is severely wounded.
The worker ant bites you but does no damage.
The worker ant bites you!
You are lethally poisoned!
The worker ant poisons you!
You hit the worker ant but do no damage.
The worker ant is severely wounded.
You feel sick. The worker ant closely misses you.
You are too injured to fight recklessly!
You are too injured to fight recklessly!
You are too injured to fight recklessly!
You are too injured to fight recklessly!
You are too injured to fight recklessly!
You are too injured to fight recklessly!
You are too injured to fight recklessly!
You are too injured to fight recklessly!
You are too injured to fight recklessly!
You are too injured to fight recklessly!
You are too injured to fight recklessly!
You are too injured to fight recklessly!
You are too injured to fight recklessly!
You are too injured to fight recklessly!
You are too injured to fight recklessly!
You are too injured to fight recklessly!
You are too injured to fight recklessly!
You are too injured to fight recklessly!
You are too injured to fight recklessly!
You are too injured to fight recklessly!
You are too injured to fight recklessly!
You are too injured to fight recklessly!
You are too injured to fight recklessly!
You are too injured to fight recklessly!
You are too injured to fight recklessly!
You are too injured to fight recklessly!
You are too injured to fight recklessly!
You are too injured to fight recklessly!
You are too injured to fight recklessly!
You are too injured to fight recklessly!
You are too injured to fight recklessly!
You are too injured to fight recklessly!
You are too injured to fight recklessly!
You hit the worker ant.
The worker ant is severely wounded.
You feel sick.
The worker ant bites you but does no damage.
You hit the worker ant.
The worker ant is almost dead.
You feel sick. The worker ant bites you.
You hit the worker ant but do no damage.
The worker ant is almost dead.
You feel sick. The worker ant bites you.
* * * LOW HITPOINT WARNING * * *
You are more poisoned.
The worker ant poisons you!
The worker ant bites you but does no damage.
You hit the worker ant.
You kill the worker ant!
Cheibriados appreciates the change of pace.
You have reached level 4!
You feel stronger.
Your demonic ancestry asserts itself...
You feel immune to rotting.
* * * LOW HITPOINT WARNING * * *
You feel sick.
It was a potion of lignification.
You turn into a tree.
Your +0 hat melds into your body.
Your +0 pair of boots melds into your body.
Your +0 robe melds into your body.
Your roots penetrate the ground.
* * * LOW HITPOINT WARNING * * *
You feel sick.
It was a potion of haste.
You feel yourself speed up.
Cheibriados forgives your accidental hurry, just this once.
* * * LOW HITPOINT WARNING * * *
You feel sick.
Unknown command.
You cannot move.
There is a lethal amount of poison in your body!
There is a lethal amount of poison in your body!
Unknown command.
* * * LOW HITPOINT WARNING * * *
You feel sick.
* * * LOW HITPOINT WARNING * * *
You feel sick.
* * * LOW HITPOINT WARNING * * *
You feel sick.
* * * LOW HITPOINT WARNING * * *
You feel sick.
* * * LOW HITPOINT WARNING * * *
You feel sick.
* * * LOW HITPOINT WARNING * * *
You feel sick.
* * * LOW HITPOINT WARNING * * *
You feel sick.
* * * LOW HITPOINT WARNING * * *
You feel sick.
You die...

#.. # # .. .#.
.. #.# . #.# .#
.# #.# #.#..##
#####.##†......
#......♣.#
###.###.##...#
#...###.# .###
..#.#..##.# .#
.._......##.#
#.#......+..
#.#...####.#
#.###.#........#
#.......######.#


There were no monsters in sight!

Vanquished Creatures
  A worker ant (D:3)
  An adder (D:2)
  A worm (D:1)
  A leopard gecko (D:2)
  A ball python (D:2)
  2 bats
  5 goblins
  9 hobgoblins
  A quokka (D:2)
  5 frilled lizards
  6 kobolds
  11 rats
44 creatures vanquished.

Notes
Turn   | Place    | Note
-------+----------+-------------------------------------------
     0 | D:1      | MisterOstroum the Demonspawn Monk began the quest for the
                  | Orb.
     0 | D:1      | Reached XP level 1. HP: 18/18 MP: 2/2
   362 | D:1      | Gained mutation: You have a pair of small antennae on your
                  | head. [demonic ancestry]
   362 | D:1      | Reached XP level 2. HP: 19/24 MP: 2/4
  1127 | D:2      | Reached skill level 4 in Fighting
  1380 | D:2      | Gained mutation: You have a pair of antennae on your head.
                  | [demonic ancestry]
  1380 | D:2      | Reached XP level 3. HP: 30/30 MP: 5/5
  1639 | D:2      | Found a snail-covered altar of Cheibriados.
  1717 | D:2      | Became a worshipper of Cheibriados the Contemplative
  1717 | D:2      | Reached * piety under Cheibriados
  1717 | D:2      | Reached ** piety under Cheibriados
  2369 | D:3      | Found a shattered altar of Ashenzari.
  2403 | D:3      | Gained mutation: You are immune to rotting. [demonic
                  | ancestry]
  2403 | D:3      | Reached XP level 4. HP: 8/38 MP: 2/6
  2413 | D:3      | HP: 2/57 [poisoned by a worker ant]
  2416 | D:3      | Succumbed to a worker ant's poison

Skill      XL: |  1  2 |
---------------+-------+-----
Fighting       | 4 |  4.8
Polearms       | |  2.9
Dodging        | |  2.6
Stealth        | |  2.0
Shields        | |  0.5
Invocations    | |  2.6

Action                   |  1- 3 |  4- 6 || total
-------------------------+-------+-------++-------
Melee: Spear             |   131 |       ||   131
Throw: Stone             |    70 |       ||    70
  Use: Potion            |       |     2 ||     2
 Stab: Sleeping          |     7 |       ||     7
  Eat: Chunk             |     3 |       ||     3
Armor: Robe              |    11 |       ||    11
Dodge: Dodged            |    40 |       ||    40
Block: Shield            |    13 |       ||    13
       Buckler           |     1 |       ||     1
